 Dungeon Crawl Stone Soup version 0.20-a0-1116-gaa52201 (webtiles) character file.

169 JeffiDaFish the Covered (level 5, -2/33 HPs)
             Began as a Gargoyle Fighter on May 8, 2017.
             Was an Initiate of Okawaru.
             Slain by Sigmund
             ... wielding a +0 scythe
              (7 damage)
             ... on level 4 of the Dungeon.
             The game lasted 00:05:26 (2764 turns).

JeffiDaFish the Covered (Gargoyle Fighter)          Turns: 2764, Time: 00:05:27

Health: -2/33      AC: 11    Str: 24    XL:     5   Next: 50%
Magic:  5/5        EV:  8    Int:  9    God:    Okawaru [......]
Gold:   178        SH:  0    Dex: 13    Spells: 4/4 levels left

rFire    . . .     SeeInvis .   a - +1 flail
rCold    . . .     Gourm    .   c - +1 shield
rNeg     + . .     Faith    .   b - +0 scale mail
rPois    ∞         Spirit   .   (no helmet)
rElec    +         Reflect  +   (no cloak)
rCorr    .         Harm     .   (no gloves)
MR       .....                  (no boots)
Stlth    ..........             k - +2 amulet of reflection
Regen    0.2/turn               l - +3 ring of dexterity
MPRegen  0.1/turn               (no ring)

@: confused, mighty
A: negative energy resistance 1, electricity resistance, unbreathing,
petrification resistance, rot immunity, AC +4
a: Renounce Religion


You were on level 4 of the Dungeon.
You worshipped Okawaru.
Okawaru was noncommittal.
You were not hungry.

You visited 1 branch of the dungeon, and saw 4 of its levels.

You collected 178 gold pieces.

Inventory:

Hand Weapons
 a - a +1 flail (weapon)
Armour
 b - a +0 scale mail (worn)
 c - a +1 shield (worn)
Jewellery
 k - a +2 amulet of reflection (around neck)
 l - a +3 ring of dexterity (left hand)
 p - a cursed -3 ring of intelligence {unknown}
Scrolls
 e - a scroll of magic mapping
 j - 4 scrolls of identify
 m - 3 scrolls of amnesia
 n - a scroll of remove curse
 o - a scroll of enchant weapon
Comestibles
 f - 6 bread rations
 g - 2 chunks of flesh
 h - 5 royal jellies
 i - a fruit


   Skills:
 + Level 4.0 Fighting
 + Level 3.7 Maces & Flails
 + Level 4.0 Armour
 + Level 1.0 Dodging
 + Level 0.2 Stealth
 + Level 4.0 Shields


You had 4 spell levels left.
You didn't know any spells.

Dungeon Overview and Level Annotations

Branches:
Dungeon (4/15)
 Temple: D:4-7

Altars:
Elyvilon
Hepliaklqana
Okawaru

Annotations:
D:4 Sigmund


Innate Abilities, Weirdness & Mutations

You are resistant to torment.
Your stone body is resilient. (AC +4)
You are immune to poison.
You resist negative energy. (rN+)
You are resistant to electric shocks. (rElec)
You can survive without breathing.
You are immune to petrification.
You are immune to rotting.


Message History

Okawaru accepts your kill. Something hits you! Something hits you!
You closely miss something. Something hits you.
* * * LOW HITPOINT WARNING * * *
You sock something! You closely miss something.
You hear some strange, mumbled words.
You are confused.
You hear some strange, mumbled words.
Something tries to affect you, but you resist.
You bump into the rock wall.
You hear some strange, mumbled words.
Something tries to affect you, but you resist.
You barely miss something. Something hits you but does no damage.
You miss something.
You hear some strange, mumbled words.
Something tries to affect you, but you resist.
You miss something. Something hits you!
You die...

# .#
.#########.###.
.........@.....
...............
##.!##>#########(#
........<.{@......#
..#####.#########.#
#.# #.# #.# #.# ...
##


There were no monsters in sight!

Vanquished Creatures
  An orc priest (D:3)
  3 gnolls (D:2)
  5 adders (D:2)
  3 worms
  A dart slug (D:2)
  2 leopard geckos
  5 orcs (D:3)
  A giant cockroach (D:2)
  A goblin (D:1)
  5 hobgoblins
  3 jackals (D:1)
  A quokka (D:2)
  A ball python (D:2)
  A ball python skeleton (D:4)
  7 bats
  3 frilled lizards
  5 kobolds (D:1)
  7 rats
55 creatures vanquished.

Notes
Turn   | Place    | Note
-------+----------+-------------------------------------------
     0 | D:1      | JeffiDaFish the Gargoyle Fighter began the quest for the Orb.
     0 | D:1      | Reached XP level 1. HP: 14/14 MP: 1/1
   237 | D:1      | Reached XP level 2. HP: 13/19 MP: 2/2
   863 | D:2      | Reached XP level 3. HP: 9/24 MP: 3/3
  1229 | D:2      | Reached XP level 4. HP: 29/29 MP: 4/4
  1448 | D:2      | Found a hazy altar of Hepliaklqana.
  1766 | D:2      | Reached XP level 5. HP: 33/33 MP: 5/5
  2113 | D:3      | Reached skill level 1 in Dodging
  2454 | D:3      | Found a white marble altar of Elyvilon.
  2545 | D:3      | Found an iron altar of Okawaru.
  2572 | D:3      | Became a worshipper of Warmaster Okawaru
  2745 | D:4      | Noticed Sigmund
  2764 | D:4      | Slain by Sigmund

Vault maps used:
D:1:      minmay_arrival_diagonal_passages
D:2:      overflow_temple_1_default, first_bread
D:3:      okawaru_gym_becter, elyvilon_altar_3
D:4:      uniq_pikel, uniq_ijyb, uniq_sigmund

Skill      XL: |  1  2  3  4  5 |
---------------+----------------+-----
Maces & Flails | 3 |  3.7
Armour         | 4 |  4.0
Dodging        | 1 |  1.0
Fighting       | 4 |  4.0
Shields        | 4 |  4.0
Stealth        | |  0.2

Action                   |  1- 3 |  4- 6 || total
-------------------------+-------+-------++-------
Melee: Flail             |    99 |   148 ||   247
  Use: Scroll            |     6 |     2 ||     8
       Potion            |     2 |     4 ||     6
  Eat: Chunk             |     1 |     5 ||     6
Armor: Scale mail        |    57 |    50 ||   107
Dodge: Dodged            |    39 |    33 ||    72
Block: Shield            |    60 |    89 ||   149
       Reflection        |       |     1 ||     1
